 Dungeon Crawl Stone Soup version 0.16-a0-3467-gfe061fe (webtiles) character file.

2249 NewYearsCrawler the Blocker (level 9, -2/64 HPs)
             Began as a Formicid Fighter on Jan 3, 2015.
             Was a Follower of Okawaru.
             Slain by a killer bee (7 damage)
             ... on level 7 of the Dungeon.
             The game lasted 00:18:14 (7019 turns).

NewYearsCrawler the Blocker (Formicid Fighter)      Turns: 7019, Time: 00:18:14

Health: -2/64      AC: 13    Str: 24    XL:     9   Next: 63%
Magic:  12/12      EV:  6    Int:  8    God:    Okawaru [*.....]
Gold:   363        SH: 12    Dex: 10    Spells: 0 memorised, 8 levels left

rFire  + . .     SeeInvis +     a - +0 war axe
rCold  . . .     Clarity  .     x - +0 plate armour
rNeg   . . .     SustAb   +     c - +0 shield
rPois  .         Gourm    .     (helmet unavailable)
rElec  .         Spirit   .     f - +0 cloak
rCorr  .         Warding  .     (no gloves)
rMut   .         Stasis   +     t - +0 pair of boots
MR     .....                    (no amulet)
Stlth  ..........               C - ring of sustain abilities
                                o - ring of protection from fire

@: lethally poisoned, not resistant to hostile enchantments, extremely
unstealthy
A: permanent stasis, dig shafts and tunnels, four strong arms, antennae 3
a: Dig, Shaft Self, Heroism, Renounce Religion


You were on level 7 of the Dungeon.
You worshipped Okawaru.
Okawaru was aware of your devotion.
You were near starving.

You visited 2 branches of the dungeon, and saw 8 of its levels.

You collected 363 gold pieces.

Inventory:

Hand weapons
 a - a +0 war axe (weapon)
Missiles
 m - 5 tomahawks (quivered)
Armour
 c - a +0 shield (worn)
 f - a +0 cloak (worn)
 t - a +0 pair of boots (worn)
 x - a +0 plate armour (worn)
Jewellery
 o - a ring of protection from fire (left hand)
 C - a ring of sustain abilities (right hand)
Magical devices
 u - a wand of disintegration (9)
 A - a wand of teleportation (7)
Scrolls
 j - 2 scrolls of magic mapping
 l - a scroll of remove curse
 n - 2 scrolls of fog {unknown}
 p - 2 scrolls of fear
 q - 2 scrolls of enchant armour {unknown}
 v - a scroll of blinking {unknown}
 y - 2 scrolls of identify
 B - a scroll of amnesia {unknown}
 D - a scroll of brand weapon {unknown}
Potions
 b - a potion of invisibility
 e - a potion of might
 h - a potion of flight
Books
 s - a book of Beasts

   Spells                             Type                      Level
   a - Summon Butterflies             Summoning                    1
   b - Call Canine Familiar           Summoning                    3
   c - Summon Ice Beast               Ice/Summoning                4
   d - Summon Mana Viper              Hexes/Summoning              5
   e - Monstrous Menagerie            Summoning                    6
   f - Summon Hydra                   Summoning                    7
Comestibles
 d - 3 bread rations
 g - 3 beef jerkies
 i - 7 fruits
 k - 3 meat rations
 r - a slice of pizza


   Skills:
 - Level 3.2 Fighting
 * Level 9.6 Axes
 - Level 3.2 Armour
 - Level 10.0 Shields


You had 8 spell levels left.
You didn't know any spells.

Dungeon Overview and Level Annotations

Branches:
Dungeon (7/15)             Temple (1/1) D:5

Altars:
Ashenzari
Cheibriados
Dithmenos
Elyvilon
Fedhas
Gozag
Kikubaaqudgha
Makhleb
Nemelex Xobeh
Okawaru
Qazlal
Ru
Sif Muna
Trog
Vehumet
Xom
Yredelemnul
Zin
The Shining One


Innate Abilities, Weirdness & Mutations

You are under a permanent stasis effect.
You can dig through walls and to a lower floor.
Your four strong arms can wield two-handed weapons with a shield.
You have a pair of large antennae on your head (SInv).


Message History

* * * LOW HITPOINT WARNING * * *
The killer bee closely misses you.
Drink which item? (? for menu, Esc to quit)
Okay, then.
You closely miss the killer bee.
The killer bee is heavily wounded.
You feel sick. You block the killer bee's attack.
The killer bee closely misses you.
You miss the killer bee.
The killer bee is heavily wounded.
The killer bee stings you but does no damage.
You block the killer bee's attack.
Your plate armour prevents you from hitting the killer bee.
The killer bee is heavily wounded.
You feel sick. You block the killer bee's attack.
You block the killer bee's attack.
You miss the killer bee.
The killer bee is heavily wounded.
You block the killer bee's attack. The killer bee stings you!
You die...

...# #.. ##............... ....#
##.. ##................ ......
#...#####.................
.................................
..... .................).........
....# ..........##...............
...## ..#......###...#...........
..## ##..y.#y##..### .........
.## ##..y##@#..# ...... ##
#...###...# # #...# ...# ## .
##... ..... .#.. #... ......#
......# .... #..... ......# .....
#... ......# ... .. .......


You could see a killer bee.

Vanquished Creatures
  Pikel (D:7)
  2 ice beasts
  2 slaves (D:7)
  An orc warrior (D:6)
  2 ogres
  2 phantoms
  A centaur (D:6)
  Blork the orc (D:7)
  2 giant frogs
  2 jellies (D:5)
  4 killer bees (D:7)
  A scorpion (D:6)
  An orc priest (D:6)
  5 orc wizards
  2 worker ants
  An iguana (D:6)
  Jessica (D:3)
  7 adders
  9 gnolls
  3 shadow imps
  A giant mite (D:1)
  7 worms
  3 giant geckos
  2 oozes (D:3)
  32 orcs
  2 bat skeletons
  A bat zombie (D:5)
  7 giant cockroaches
  12 goblins
  11 hobgoblins
  3 jackals (D:2)
  4 quokkas
  2 ball pythons
  10 bats
  12 giant newts
  13 kobolds
  A quokka skeleton (D:4)
  13 rats
186 creatures vanquished.

Vanquished Creatures (others)
  2 slaves (D:7)
  2 orcs (D:4)
  A bat (D:4)
  A kobold (D:4)
  A rat (D:4)
7 creatures vanquished.

Grand Total: 193 creatures vanquished

Notes
Turn   | Place    | Note
--------------------------------------------------------------
     0 | D:1      | NewYearsCrawler, the Formicid Fighter, began the quest for the Orb.
     0 | D:1      | Reached XP level 1. HP: 18/18 MP: 1/1
   232 | D:1      | Reached XP level 2. HP: 24/24 MP: 3/3
   244 | D:1      | Reached skill level 4 in Shields
   388 | D:1      | Reached XP level 3. HP: 29/29 MP: 4/4
   700 | D:2      | Reached XP level 4. HP: 26/35 MP: 5/5
   831 | D:2      | You fall through a shaft!
   869 | D:3      | Reached skill level 5 in Shields
   872 | D:3      | Noticed Jessica
   885 | D:3      | Killed Jessica
   986 | D:3      | Reached XP level 5. HP: 8/41 MP: 7/7
  2089 | D:3      | Reached skill level 6 in Shields
  2166 | D:3      | Reached XP level 6. HP: 47/47 MP: 8/8
  2179 | D:3      | Found a basalt altar of Yredelemnul.
  2823 | D:4      | Noticed an ice beast
  2897 | D:4      | Killed an ice beast
  2903 | D:4      | Reached XP level 7. HP: 37/52 MP: 9/9
  2915 | D:4      | Found a shimmering altar of Xom.
  2918 | D:4      | Reached skill level 5 in Axes
  3095 | D:4      | Reached skill level 7 in Shields
  3950 | D:5      | Entered Level 5 of the Dungeon
  3981 | D:5      | Found a blossoming altar of Fedhas.
  3991 | D:5      | Found a staircase to the Ecumenical Temple.
  4399 | Temple   | Entered the Ecumenical Temple
  4642 | D:5      | Reached skill level 8 in Shields
  4642 | D:5      | Reached XP level 8. HP: 36/58 MP: 11/11
  5266 | D:6      | Reached skill level 9 in Shields
  5856 | D:6      | Found an ancient bone altar of Kikubaaqudgha.
  5963 | D:6      | Found an iron altar of Okawaru.
  5978 | D:6      | Reached XP level 9. HP: 64/64 MP: 12/12
  5986 | D:6      | Became a worshipper of Warmaster Okawaru
  6369 | D:7      | Noticed Blork the orc
  6371 | D:7      | Noticed Pikel
  6546 | D:7      | Killed Blork the orc
  6546 | D:7      | Reached skill level 10 in Shields
  6569 | D:7      | Found a deep blue altar of Sif Muna.
  6882 | D:7      | Killed Pikel
  6882 | D:7      | Acquired Okawaru's first power
  6896 | D:7      | Found a sparkling altar of Nemelex Xobeh.
  7019 | D:7      | Slain by a killer bee

Action                   |  1- 3 |  4- 6 |  7- 9 || total
-------------------------+-------+-------+-------++-------
Melee: War axe           |    90 |   238 |   441 ||   769
 Abil: Dig               |       |     2 |     6 ||     8
  Use: Potion            |     2 |     4 |     2 ||     8
       Scroll            |       |     3 |       ||     3
  Eat: Chunk             |       |     7 |    13 ||    20
